 Dungeon Crawl Stone Soup version 0.24.0-35-gdb84b6a5db (webtiles) character file.

Game seed: 626482227426093910, levelgen mode: deterministic

814 Nattfarinn the Tainter (level 8, -17/52 HPs)
             Began as a Formicid Venom Mage on Nov 19, 2019.
             Demolished by Menkaure (20 damage)
             ... on level 5 of the Dungeon.
             The game lasted 00:17:32 (4856 turns).

Nattfarinn the Tainter (Formicid Venom Mage)        Turns: 4856, Time: 00:17:33

Health: -17/52     AC:  8    Str: 13    XL:     8   Next: 15%
Magic:  16/16      EV: 13    Int: 17    God:
Gold:   230        SH:  0    Dex: 11    Spells: 9/17 levels left

rFire    + . .     SeeInvis +   s - +1 short sword (vamp)
rCold    . . .     Gourm    .   (no shield)
rNeg     . . .     Faith    +   r - +2 ring mail {rF+}
rPois    .         Spirit   .   (helmet unavailable)
rElec    .         Reflect  .   (no cloak)
rCorr    .         Harm     .   (no gloves)
MR       .....                  w - +0 pair of boots
Stlth    +.........             p - amulet of faith
HPRegen  0.17/turn              d - ring of teleportation (curse)
MPRegen  0.15/turn              x - +3 ring of evasion

@: no status effects
A: permanent stasis, dig shafts and tunnels, four strong arms, antennae 3
a: Dig, Shaft Self


You were on level 5 of the Dungeon.
You were very hungry.

You visited 1 branch of the dungeon, and saw 5 of its levels.

You collected 230 gold pieces.

Inventory:

Hand Weapons
 m - a +0 club
 s - a +1 vampiric short sword (weapon)
Armour
 a - a +0 robe
 l - a +0 buckler
 r - a +2 ring mail of fire resistance (worn)
 w - a +0 pair of boots (worn)
Jewellery
 d - a cursed ring of teleportation (left hand)
 f - an uncursed ring of fire
 i - an uncursed ring of fire
 p - an amulet of faith (around neck)
 t - an uncursed ring of magical power
 x - a +3 ring of evasion (right hand)
Scrolls
 b - a scroll of blinking {unknown}
 g - 4 scrolls of identify
 j - a scroll of fog {unknown}
 k - a scroll of remove curse {unknown}
 q - 2 scrolls of enchant armour {unknown}
 v - a scroll of teleportation {unknown}
 y - 3 scrolls of magic mapping {unknown}
Potions
 e - a potion of curing {unknown}
 h - 2 potions of magic
 n - a potion of resistance {unknown}
 o - a potion of agility {unknown}
 u - 3 potions of mutation {unknown}
 A - a potion of degeneration {unknown}
 B - a potion of flight {unknown}
Comestibles
 c - 8 rations


   Skills:
 - Level 1.7 Dodging
 - Level 2.4 Stealth
 + Level 5.3 Spellcasting
 - Level 0.8 Conjurations
 * Level 10.0 Poison Magic


You had 9 spell levels left.
You knew the following spells:

 Your Spells              Type           Power        Failure   Level  Hunger
a - Sting                 Conj/Pois      ###.         3%          1    None
b - Mephitic Cloud        Conj/Pois/Air  ###.....     21%         3    ##.....
c - Olgreb's Toxic Radia  Pois           #####...     4%          4    ####...

Your spell library contained the following spells:

 Spells                   Type           Power        Failure   Level  Hunger
 Poisonous Vapours        Pois/Air       ###...       6%          2    #......
 Venom Bolt               Conj/Pois      ###.......   65%         5    ######.


Dungeon Overview and Level Annotations

Branches:
Dungeon (5/15)
 Temple: D:4-7

Altars:
Fedhas
Gozag
Kikubaaqudgha
Ru
Xom
Zin

Shops:
D:4 *

Annotations:
D:5 Menkaure


Innate Abilities, Weirdness & Mutations

You cannot be hasted, slowed, berserked, paralysed or teleported.
You can dig through walls and to a lower floor.
Your four strong arms can wield two-handed weapons with a shield.
You have a pair of large antennae on your head. (SInv)


Message History

Menkaure is severely damaged.
Menkaure completely misses you.
You hit Menkaure but do no damage.
Menkaure is severely damaged.
Menkaure gestures at you while chanting.
You struggle to resist.
You hit Menkaure.
Menkaure is almost destroyed.
Menkaure calls on the powers of darkness!
Your body is wracked with pain!
Menkaure calls on the powers of darkness!
Your body is wracked with pain!
* * * LOW HITPOINT WARNING * * *
You closely miss Menkaure.
Menkaure is almost destroyed.
Menkaure hits you!
* * * LOW HITPOINT WARNING * * *
Unknown command.
It was a potion of magic.
Magic courses through your body. Menkaure hits you!!
You die...

### ##.### #.####
......# ###..#..
....... ##.......
.......##
#........ ......#
##........ ....#
#........# #M.##
######..## #@.#
#..# #..## #..#
##..# ###..##
#..# ####.....#
#..#####....#....
##..##...##......
#.....##........
#...###.........
..#### #.###
.>.......


You could see Menkaure.

Vanquished Creatures
  Sigmund (D:2)
  A crimson imp (D:5)
  A bullfrog zombie (D:5)
  2 hounds
  6 orc wizards
  A bullfrog skeleton (D:4)
  Jessica (D:2)
  Terence (D:2)
  2 worker ants
  7 adders
  4 gnolls (D:4)
  2 oozes (D:1)
  5 worms
  3 dart slugs
  9 orcs
  A ball python (D:1)
  4 giant cockroaches
  14 goblins
  11 hobgoblins
  4 jackals (D:4)
  4 quokkas
  12 bats
  6 frilled lizards
  A jackal skeleton (D:5)
  6 kobolds
  6 rats
115 creatures vanquished.

Vanquished Creatures (others)
  A rat (D:3)
1 creature vanquished.

Grand Total: 116 creatures vanquished

Notes
Turn   | Place    | Note
-------+----------+-------------------------------------------
     0 | D:1      | Nattfarinn the Formicid Venom Mage began the quest for the
                  | Orb.
     0 | D:1      | Reached XP level 1. HP: 13/13 MP: 3/3
   124 | D:1      | Reached XP level 2. HP: 8/19 MP: 1/5
   396 | D:1      | Reached XP level 3. HP: 24/24 MP: 2/6
   416 | D:1      | Reached skill level 5 in Poison Magic
   914 | D:1      | Learned a level 3 spell: Mephitic Cloud
   969 | D:2      | Found an opulent altar of Gozag.
   969 | D:2      | Noticed Sigmund
   989 | D:2      | Killed Sigmund
   989 | D:2      | Reached skill level 7 in Poison Magic
   989 | D:2      | Reached XP level 4. HP: 15/30 MP: 1/9
   989 | D:2      | Reached XP level 5. HP: 18/35 MP: 1/10
   989 | D:2      | Reached XP level 6. HP: 21/41 MP: 1/11
  1146 | D:2      | Learned a level 4 spell: Olgreb's Toxic Radiance
  1381 | D:2      | Noticed Terence
  1490 | D:2      | Killed Terence
  1528 | D:2      | Noticed Jessica
  1565 | D:2      | Killed Jessica
  2248 | D:3      | Reached skill level 8 in Poison Magic
  2543 | D:3      | Reached XP level 7. HP: 23/46 MP: 5/13
  2709 | D:3      | Found a shimmering altar of Xom.
  2709 | D:3      | Found a glowing silver altar of Zin.
  2709 | D:3      | Noticed an angel
  2766 | D:3      | Found a blossoming altar of Fedhas.
  3125 | D:3      | Found a faded altar of an unknown god.
  3844 | D:4      | Reached skill level 9 in Poison Magic
  3947 | D:4      | Found a sacrificial altar of Ru.
  4058 | D:4      | Reached skill level 5 in Spellcasting
  4155 | D:4      | Found Tamenga's Lightly-Used Armoury.
  4408 | D:5      | Entered Level 5 of the Dungeon
  4440 | D:5      | Reached XP level 8. HP: 37/52 MP: 2/15
  4738 | D:5      | Reached skill level 10 in Poison Magic
  4787 | D:5      | Found an ancient bone altar of Kikubaaqudgha.
  4840 | D:5      | Noticed Menkaure
  4856 | D:5      | Demolished by Menkaure

Levels and vault maps discovered:
D:1:      dpeg_arrival_pits, layout_basic, minmay_domino_2
D:2:      layout_rooms, serial_bayou_pond_e, minivault_11,
          nicolae_gozag_seed_capital, uniq_terence, uniq_sigmund, uniq_jessica
D:3:      layout_rooms, grunt_temple_overflow_order_and_chaos_1,
          lemuel_round_altar, first_ration, chequers_ecumenical_altar_twisty
D:4:      layout_cave_pools, nicolae_ru_sacrificial_ziggurat,
          minmay_shop_damaged
D:5:      layout_cave_pods, kiku_gazebo_garden_becter, minmay_ogre_servants,
          uniq_menkaure, uniq_pikel

Skill      XL: |  1  2  3  4  5  6  7  8 |
---------------+-------------------------+-----
Poison Magic   | 7 8 9 10 | 10.0
Spellcasting   | 3 4 5 |  5.3
Dodging        | |  1.7
Stealth        | |  2.4
Conjurations   | |  0.8

Action                   |  1- 3 |  4- 6 |  7- 9 || total
-------------------------+-------+-------+-------++-------
Melee: Unarmed           |    21 |       |       ||    21
       Club              |     2 |    60 |       ||    62
       Short sword       |       |    31 |   166 ||   197
 Cast: Sting             |    49 |    28 |    37 ||   114
       Mephitic Cloud    |     1 |     2 |     2 ||     5
       Olgreb's Toxic Ra |       |     7 |    11 ||    18
  Use: Scroll            |     1 |       |       ||     1
       Potion            |       |       |     1 ||     1
 Stab: Sleeping          |       |     3 |     1 ||     4
       Confused          |       |     1 |     1 ||     2
  Eat: Chunk             |     1 |     5 |     7 ||    13
       Ration            |       |       |     1 ||     1
Armor: Robe              |     8 |    14 |     7 ||    29
       Ring mail         |       |       |    74 ||    74
Dodge: Dodged            |    44 |    73 |   119 ||   236
